 Dungeon Crawl Stone Soup version 0.31-a0-1074-g0b22e4e0f1 (webtiles) character file.

Game seed: 16554151994113691809

195 Dirtsage the Slasher (level 5, -1/41 HPs)
             Began as a Demonspawn Monk on Nov 26, 2023.
             Slain by Pikel
             ... wielding a +2 whip of electrocution
              (7 damage)
             ... on level 4 of the Dungeon.
             The game lasted 00:04:30 (3098 turns).

Dirtsage the Slasher (Demonspawn Monk)              Turns: 3098, Time: 00:04:31

Health: -1/41      AC:  6    Str: 11    XL:     5   Next: 45%
Magic:  5/5        EV: 10    Int: 12    God:
Gold:   27         SH:  5    Dex: 17    Spells: 4/4 levels left

rFire   . . .        a - +0 falchion
rCold   . . .        d - orb {light}
rNeg    + . .        f - +0 scale mail
rPois   .            (no helmet)
rElec   .            (no cloak)
rCorr   .            (no gloves)
SInv    .            (no boots)
Will    .....        t - amulet of reflection
Stlth   +            N - ring of positive energy
HPRegen 0.26/turn    (no ring)
MPRegen 0.18/turn

%: reflection
@: glowing
A: magic regeneration, sturdy frame 1
a: no special abilities


You were on level 4 of the Dungeon.
You visited 1 branch of the dungeon, and saw 4 of its levels.

You collected 125 gold pieces.
You spent 98 gold pieces at shops.

Inventory:

Hand Weapons
 a - a +0 falchion (weapon)
Armour
 b - a +0 robe
 d - an orb of light (worn)
 f - a +0 scale mail (worn)
Jewellery
 e - an amulet of magic regeneration
 t - an amulet of reflection (around neck)
 N - a ring of positive energy (left hand)
Wands
 j - a wand of polymorph (3)
 r - a wand of mindburst (8)
Scrolls
 h - 4 scrolls of poison {unknown}
 i - a scroll of identify
 k - 2 scrolls of blinking {unknown}
 m - a scroll of amnesia {unknown}
 p - a scroll of enchant weapon {unknown}
 u - a scroll of vulnerability {unknown}
Potions
 c - a potion of ambrosia
 g - 2 potions of enlightenment {unknown}
 l - 2 potions of heal wounds
 n - a potion of magic {unknown}
 o - a potion of attraction {unknown}
 q - a potion of mutation {unknown}
 s - 2 potions of curing {unknown}
 v - a potion of might {unknown}


   Skills:
 - Level 3.0 Fighting
 + Level 5.7 Long Blades
 - Level 2.6 Dodging


You had 4 spell levels left.
You didn't know any spells.
Your spell library contained the following spells:

 Spells                   Type           Power      Damage    Failure   Level
 Summon Guardian Golem    Hex/Summ       0%         N/A       97%         3
 Orb of Destruction       Conj           0%         9d5       100%        7
 Spellforged Servitor     Conj/Summ      0%         N/A       100%        7


Dungeon Overview and Level Annotations

Branches:
Dungeon (4/15)
 Temple: D:4-7

Altars:
Okawaru

Shops:
D:1 ?   D:3 *

Annotations:
D:4 Pikel


Innate Abilities, Weirdness & Mutations

You regenerate magic rapidly.
Your movements are slightly less encumbered by armour. (ER -2)


Message History

Pikel is lightly wounded.
Pikel hits you with a +2 whip of electrocution.
You take 2 damage, and have 29/41 hp.
You closely miss Pikel.
Pikel is lightly wounded.
Pikel zaps a wand.
Your will is overpowered!
You are confused.
You bump into the rock wall.
Pikel hits you with a +2 whip of electrocution.
You take 4 damage, and have 26/41 hp.
You bump into the rock wall.
Pikel closely misses you.
You bump into the rock wall.
Pikel hits you with a +2 whip of electrocution.
You take 3 damage, and have 23/41 hp.
You bump into the rock wall.
Pikel closely misses you.
You hit Pikel.
Pikel is moderately wounded.
You feel less confused. Pikel closely misses you.
You hit Pikel.
Pikel is moderately wounded.
Pikel hits you with a +2 whip of electrocution.
You are electrocuted!!
* * * LOW HITPOINT WARNING * * *
You take 19 damage, and have 5/41 hp.
MASSIVE DAMAGE!!
You slash Pikel!
Pikel is heavily wounded.
Pikel checks his coin pouch and frowns.
Pikel closely misses you.
You hit Pikel.
Pikel is heavily wounded.
Pikel hits you but does no damage.
You hit Pikel.
Pikel is severely wounded.
Pikel barely misses you.
You hit Pikel but do no damage.
Pikel is severely wounded.
Pikel hits you with a +2 whip of electrocution!
You die...
Pikel says, "See you in Hell!"

# #.# #.# #.#
#.# #.# #.# #.#
#############.#
#....55K@.....#
#.#############


You could see Pikel and 2 lemures.

Vanquished Creatures
  A hound (D:4)
  An orc wizard (D:3)
  5 gnolls (D:3)
  2 adders
  4 dart slugs
  9 orcs
  4 ball pythons
  An endoplasm (D:3)
  6 goblins
  8 hobgoblins
  A quokka (D:1)
  5 bats
  2 frilled lizards (D:2)
  7 kobolds
  A rat (D:1)
57 creatures vanquished.

Notes
Turn   | Place    | Note
-------+----------+-------------------------------------------
     0 | D:1      | Dirtsage the Demonspawn Monk began the quest for the Orb.
     0 | D:1      | Reached XP level 1. HP: 18/18 MP: 1/1
    31 | D:1      | Found Finab's Magic Scroll Shoppe.
    53 | D:1      | Found a faded altar of an unknown god.
   197 | D:1      | Reached skill level 3 in Long Blades
   272 | D:1      | Gained mutation: Your movements are slightly less
                  | encumbered by armour. (ER -2) [demonic ancestry]
   272 | D:1      | Reached XP level 2. HP: 24/24 MP: 2/2
  1357 | D:2      | Reached XP level 3. HP: 25/29 MP: 3/3
  2033 | D:3      | Reached skill level 4 in Long Blades
  2185 | D:3      | Reached XP level 4. HP: 22/35 MP: 4/4
  2556 | D:3      | Reached skill level 5 in Long Blades
  2612 | D:3      | Gained mutation: You regenerate magic rapidly. [demonic
                  | ancestry]
  2612 | D:3      | Reached XP level 5. HP: 25/41 MP: 5/5
  2682 | D:3      | Found an iron altar of Okawaru.
  2880 | D:3      | Found Byolashre's General Store.
  2885 | D:3      | Bought a potion of heal wounds for 70 gold pieces
  2885 | D:3      | Bought a scroll of identify for 28 gold pieces
  3069 | D:4      | Noticed Pikel
  3069 | D:4      | Noticed a lemure
  3071 | D:4      | Noticed a lemure
  3098 | D:4      | Slain by Pikel

Illustrated notes

Levels and vault maps discovered:
D:1:      reono_arrival_forest_river, layout_basic, serial_shops, shop,
          ebering_ecumenical_altar_petrified
D:2:      layout_basic, kennysheep_path_1
D:3:      layout_loops_corners, okawaru_altar_gauntlet_db, serial_shops,
          shop_fountains
D:4:      layout_basic, overflow_temple_1_default, uniq_pikel, uniq_robin,
          uniq_edmund

Skill      XL: |  1  2  3  4 |
---------------+-------------+-----
Long Blades    | 3 4 5 |  5.7
Fighting       | |  3.0
Dodging        | |  2.6

Action                     |  1- 3 |  4- 6 || total
---------------------------+-------+-------++-------
  Melee: Falchion          |    88 |    80 ||   168
  Evoke: Wand              |       |     3 ||     3
 Armour: Robe              |    38 |       ||    38
         Scale mail        |    29 |    53 ||    82
  Dodge: Dodged            |    58 |    42 ||   100

Table legend: (Time is in decaauts)
 A = Elapsed time spent in this place.
 B = Non-inter-level travel time spent in this place.
 C = Inter-level travel time spent in this place.
 D = Time resting spent in this place.
 E = Time spent auto-exploring this place.
 F = Levels seen in this place.
 G = Mean time per level.
                   A        B        C        D        E       F      G
               +--------+--------+--------+--------+--------+-----+--------+
         Total |   3117 |   3061 |     56 |      0 |   2645 |   4 |  779.2 |
       Dungeon |   3117 |   3061 |     56 |      0 |   2645 |   4 |  779.2 |
               +--------+--------+--------+--------+--------+-----+--------+

Top non-repeatable levels by time:
     D:2: 1148 daAuts
     D:3: 1017 daAuts
     D:1: 827 daAuts
     D:4: 124 daAuts
